 Dungeon Crawl Stone Soup version 0.27.1-2-g3b301248ec (webtiles) character file.

Game seed: 6284815470548996083

160 barney the Changer (level 5, 0/40 HPs)
             Began as a Draconian Transmuter on Oct 1, 2021.
             Slain by an ogre (15 damage)
             ... on level 2 of the Dungeon.
             The game lasted 00:02:16 (2942 turns).

barney the Changer (Draconian Transmuter)           Turns: 2942, Time: 00:02:17

Health: 0/40       AC:  2    Str: 12    XL:     5   Next: 17%
Magic:  5/8        EV: 19    Int: 14    God:
Gold:   79         SH:  0    Dex: 17    Spells: 2/8 levels left

rFire    . . .     SeeInvis .     - Unarmed
rCold    . . .     Faith    .   (shield currently unavailable)
rNeg     . . .     Spirit   .   (armour unavailable)
rPois    x         Reflect  .   (helmet currently unavailable)
rElec    .         Harm     .   (cloak currently unavailable)
rCorr    .         Rampage  .   (gloves currently unavailable)
Will     .....                  (boots currently unavailable)
Stlth    ++........             (no amulet)
HPRegen  0.13/turn              (no ring)
MPRegen  0.11/turn              (no ring)

@: spider-form
A: venomous fangs, AC +5, tiny, unfitting armour, (cold-blooded)
a: End Transformation


You were on level 2 of the Dungeon.
You were a venomous arachnid creature.
You visited 1 branch of the dungeon, and saw 2 of its levels.

You collected 79 gold pieces.

Inventory:

Hand Weapons
 a - a +0 short sword (melded)
Armour
 d - a +1 cloak (melded)
Scrolls
 e - a scroll of holy word {unknown}
Potions
 b - a potion of brilliance {unknown}
 c - 2 potions of degeneration {unknown}


   Skills:
 - Level 1.1 Fighting
 - Level 1.7 Dodging
 - Level 3.0 Unarmed Combat
 - Level 2.0 Spellcasting
 + Level 5.4 Transmutations


You had 2 spell levels left.
You knew the following spells:

 Your Spells              Type           Power      Damage    Failure   Level
a - Beastly Appendage     Tmut           32%        N/A       10%         1
b - Spider Form           Tmut/Pois      4%         N/A       45%         3
c - Wereblood             Tmut           16%        N/A       12%         2

Your spell library contained the following spells:

 Spells                   Type           Power      Damage    Failure   Level
 Ice Form                 Ice/Tmut       9%         N/A       80%         4


Dungeon Overview and Level Annotations

Branches:
Dungeon (2/15)

Altars:


Innate Abilities, Weirdness & Mutations

You are a venomous arachnid creature.
You have poisonous fangs.
You are tiny and dextrous.
Your spellcasting is less reliable in this form.
Your armour is entirely melded.
You are incapable of wielding weapons or throwing items.
((Your plain brown scales are hard. (AC +5)))
You cannot fit into any form of body armour.
((You are cold-blooded and may be slowed by cold attacks.))


Message History

HP restored.
Magic restored.
You see here a +0 dagger.
You now have 79 gold pieces (gained 13).
A kobold comes into view. It is wielding a +0 dagger.
Found an emerald potion.
A kobold is nearby!
A kobold is nearby!
A kobold is nearby!
Casting: Spider Form (quite dangerous; 24% risk of failure)
Confirm with . or Enter, or press ? or * to list all spells.
The spell is quite dangerous to cast (24% risk of failure)!
Continue anyway?
You turn into a venomous arachnid creature.
Your +0 short sword melds into your body.
Your +1 cloak melds into your body.
The kobold shouts!
You hear a shout!
You hit the kobold.
The kobold is poisoned.
The kobold is severely wounded.
The kobold hits you but does no damage.
You hit the kobold but do no damage.
The kobold looks as sick as possible!
The kobold is severely wounded.
You kill the kobold!
An ogre comes into view. It is wielding a +0 giant club.
Found a mace.
An ogre is nearby!
An ogre is nearby!
You hit the ogre.
The ogre is poisoned.
The ogre is lightly wounded.
The ogre misses you.
You hit the ogre.
The ogre looks as sick as possible!
The ogre is heavily wounded.
The ogre hits you with a +0 giant club!!
Ouch! That really hurt!
You hit the ogre.
The ogre looks as sick as possible!
The ogre is heavily wounded.
Okay, then.
You hit the ogre.
The ogre looks as sick as possible!
The ogre is almost dead.
The ogre hits you with a +0 giant club!
You die...

......##.# .# #.......
......##.# ### #######.
......##.# ... #.
......##.# ..)# #.
......##.# ....# #.
..)...##.# ######... #.
########.#. #!..... ..#.
#.#. #...O# ..#. #.#.#
#..s.# ..#. #.#.# #)..##
####.#. #.#.###.####..
####....#.
#.#..........####.......#
#.#.†)......###.........#
#.#..†....####......)...#
#.#....#### #..####.###.#
#.#.#### ##..##...# #.#
#.#...### #...#....# #.#


You could see an ogre (extremely poisoned).

Vanquished Creatures
  An orc wizard (D:2)
  5 adders (D:2)
  2 worms (D:2)
  5 dart slugs
  3 orcs (D:2)
  5 ball pythons
  4 endoplasms
  5 giant cockroaches
  3 goblins
  6 hobgoblins
  8 jackals
  7 kobolds
  3 quokkas
  4 bats
  4 frilled lizards
  2 rats (D:1)
67 creatures vanquished.

Notes
Turn   | Place    | Note
-------+----------+-------------------------------------------
     0 | D:1      | barney the Draconian Transmuter began the quest for the
                  | Orb.
     0 | D:1      | Reached XP level 1. HP: 16/16 MP: 3/3
   165 | D:1      | Reached XP level 2. HP: 23/23 MP: 3/5
   204 | D:1      | Reached skill level 3 in Transmutations
   425 | D:1      | Reached XP level 3. HP: 13/28 MP: 6/6
   429 | D:1      | Learned a level 3 spell: Spider Form
   432 | D:1      | Learned a level 2 spell: Wereblood
  1153 | D:2      | Reached skill level 4 in Transmutations
  1394 | D:2      | Reached XP level 4. HP: 14/35 MP: 7/7
  1759 | D:2      | Reached skill level 5 in Transmutations
  2413 | D:2      | Found a faded altar of an unknown god.
  2679 | D:2      | Reached XP level 5. HP: 40/40 MP: 4/8
  2936 | D:2      | Noticed an ogre
  2942 | D:2      | Slain by an ogre

Illustrated notes

Levels and vault maps discovered:
D:1:      scummos_arrival_checkerplants, layout_rooms, minmay_misc_feat_chi
D:2:      minmay_recursive_quarters, layout_basic,
          dilly_ecumenical_altar_fadedgnrine, minmay_split_cup_small

Skill      XL: |  1  2  3  4 |
---------------+-------------+-----
Transmutations | 3 4 5 |  5.4
Fighting       | |  1.1
Dodging        | |  1.7
Unarmed Combat | |  3.0
Spellcasting   | |  2.0

Action                   |  1- 3 |  4- 6 || total
-------------------------+-------+-------++-------
Melee: Unarmed           |     6 |    58 ||    64
       Short sword       |   103 |    24 ||   127
       Headbutt          |     9 |     4 ||    13
       Kick              |    12 |     2 ||    14
       Tailslap          |     4 |     2 ||     6
 Cast: Beastly Appendage |    18 |     3 ||    21
       Spider Form       |       |    10 ||    10
  Use: Scroll            |       |     1 ||     1
 Stab: Sleeping          |       |     1 ||     1
Armor: Skin              |    45 |    15 ||    60
Dodge: Dodged            |    86 |    49 ||   135
